Map: Winter Madness LE

Players

Kelazhur - Winner!

  • Race: Terran Terran
  • League: Master
  • Spawn Location: 5:00

ratgameplay (uThermal)

  • Race: Terran Terran
  • League: Master
  • Spawn Location: 11:00

VOD

Have the link to the VOD?

Description

Time

  • Played on: Jan. 30, 2026, 6:23 a.m.
  • Length: 9:25
Show
View Real Time Build Order
Export as new Build Order

Kelazhur Terran - Winner!

Build Orders:  

Get SALT Encoding   

  12  0:00  SCV  
  13  0:12  SCV  
  14  0:16  Supply Depot  
  14  0:24  SCV  
  15  0:38  SCV  
  15  0:39  Barracks  
  16  0:43  Refinery  
  16  0:50  SCV  
  16  0:52  Refinery  
  17  1:02  SCV  
  18  1:14  SCV  
  19  1:26  Orbital Command  
  19  1:27  Reaper  
  19  1:30  Supply Depot  
  20  1:40  Factory  
  20  1:52  SCV  
  21  1:59  Reaper  
  22  2:04  SCV  
  23  2:16  SCV  
  24  2:25  Hellion  
  24  2:29  SCV  
  25  2:38  Command Center  
  25  2:39  Reaper  
  25  2:41  SCV  
  27  2:45  Supply Depot  
  27  2:49  Hellion  
  29  2:54  SCV  
  30  3:07  SCV  
  30  3:09  Supply Depot  
  31  3:14  Hellion  
  33  3:22  SCV, Starport  
  33  3:34  SCV  
  33  3:37  Barracks Reactor, Factory Tech Lab  
  33  3:46  SCV  
  34  3:51  SCV  
  31  3:58  SCV  
  31  4:04  Siege Tank  
  35  4:11  Medivac  
  35  4:12  Orbital Command  
  35  4:14  SCV  
  35  4:15  Marine x2  
  39  4:26  SCV  
  39  4:30  Refinery  
  40  4:33  Marine x2  
  40  4:38  Cyclone, SCV  
  46  4:41  SCV  
  46  4:45  Starport Tech Lab  
  47  4:50  SCV  
  47  4:51  Marine x2  
  47  4:52  Supply Depot  
  50  4:53  SCV  
  51  5:02  SCV  
  51  5:05  Raven, SCV  
  55  5:09  Marine x2  
  55  5:14  SCV  
  55  5:17  SCV  
  53  5:26  SCV  
  53  5:27  Marine x2  
  56  5:29  SCV  
  56  5:34  Siege Tank  
  60  5:38  SCV  
  60  5:41  SCV  
  62  5:48  Marine x2  
  62  5:50  Supply Depot  
  62  5:51  SCV  
  62  5:53  SCV  
  60  6:03  SCV, Raven  
  60  6:05  SCV  
  60  6:06  Cyclone, Marine x2  
  66  6:15  SCV  
  66  6:16  Interference Matrix  
  66  6:17  SCV  
  68  6:24  Marine x2  
  70  6:27  SCV  
  70  6:30  SCV  
  72  6:35  Command Center  
  72  6:37  Raven  
  72  6:38  Cyclone  
  72  6:39  SCV  
  77  6:42  SCV  
  77  6:46  Marine x2  
  75  6:51  SCV  
  75  6:54  SCV  
  66  7:03  SCV  
  66  7:06  SCV  
  61  7:08  Mag-Field Accelerator  
  69  7:15  SCV  
  69  7:16  Marine x2  
  69  7:17  Refinery  
  69  7:18  SCV  
  70  7:27  SCV  
  70  7:29  Cyclone  
  74  7:30  SCV  
  74  7:34  Marine x2  
  72  7:39  SCV  
  72  7:42  SCV  
  74  7:52  SCV, Marine x2  
  74  7:54  SCV  
  74  7:55  Raven  
  74  7:56  Orbital Command  
  77  7:59  Starport  
  77  8:00  Barracks  
  77  8:01  Barracks  
  77  8:04  SCV  
  75  8:06  SCV  
  75  8:07  Cyclone  
  75  8:10  Marine x2  
  78  8:16  SCV  
  78  8:18  SCV  
  70  8:27  Marine  
  70  8:28  Marine, SCV  
  70  8:29  Raven  
  70  8:30  SCV x2  
  76  8:40  SCV  
  75  8:44  SCV  
  75  8:45  SCV  
  72  8:52  SCV  
  72  8:54  Marine x2  
  79  8:56  SCV  
  79  8:59  SCV  
  77  9:04  SCV  
  77  9:05  Barracks Tech Lab  
Show
View Real Time Build Order
Export as new Build Order

ratgameplay Terran 

Build Orders:  

Get SALT Encoding   

  12  0:00  SCV  
  13  0:16  Supply Depot  
  13  0:19  SCV  
  14  0:38  Barracks  
  14  0:42  Refinery  
  14  0:55  Barracks  
  14  0:59  SCV  
  15  1:12  SCV  
  17  1:25  Reaper  
  17  1:26  Orbital Command  
  17  1:35  Refinery  
  17  1:42  Reaper  
  18  1:51  SCV  
  19  1:58  Supply Depot  
  19  2:00  Reaper  
  20  2:04  SCV  
  21  2:14  Reaper  
  22  2:16  SCV  
  22  2:32  Reaper  
  21  2:37  Factory  
  21  2:38  SCV  
  22  2:46  Reaper  
  22  2:50  SCV  
  24  3:02  SCV  
  24  3:05  Reaper  
  26  3:14  SCV  
  26  3:19  Reaper  
  27  3:26  SCV  
  27  3:31  Hellion  
  28  3:37  Starport  
  28  3:40  SCV  
  29  3:53  SCV  
  26  4:05  SCV  
  26  4:07  Command Center  
  26  4:09  Factory Tech Lab  
  27  4:16  Fusion Core  
  27  4:17  SCV  
  27  4:18  Starport Tech Lab  
  28  4:24  Supply Depot  
  28  4:31  Cyclone  
  31  4:46  SCV  
  32  4:56  Supply Depot, Marine  
  33  5:03  SCV  
  34  5:14  Marine  
  34  5:17  SCV  
  34  5:18  Battlecruiser  
  37  5:32  Orbital Command  
  37  5:46  Hellion  
  36  5:55  SCV  
  31  6:05  Orbital Command  
  31  6:07  SCV  
  31  6:10  Hellion  
  33  6:19  SCV  
  34  6:32  SCV  
  34  6:35  SCV  
  34  6:38  Hellion  
  37  6:44  SCV  
  38  6:47  SCV  
  38  6:50  Battlecruiser  
  39  6:54  Supply Depot  
  39  6:56  SCV  
  39  6:59  SCV  
  41  7:08  SCV, Marine  
  42  7:11  SCV  
  44  7:16  Cyclone  
  44  7:20  SCV  
  48  7:23  SCV  
  48  7:26  Marine  
  49  7:36  SCV  
  44  7:48  Hellion  
  44  7:49  SCV  
  44  7:50  Supply Depot  
  45  8:00  Command Center  
  45  8:01  SCV  
  45  8:12  Hellion  
  46  8:13  SCV  
  47  8:25  SCV  
  53  8:33  Hellion  
  48  8:37  SCV  
  47  8:50  SCV  
  50  9:02  SCV  
  40  9:09  Barracks  
Tags
 
Add a new tag
Caveats
  • Supply blocks, unpowered buildings, or Contaminate may cause inaccurate times.
  • Supply counts are checked every 10 seconds.